 Dungeon Crawl Stone Soup version 0.31-a0-986-g5e6e4ef867 (webtiles) character file.

Game seed: 2562759252481566804

291 croobank the Sneak (level 5, 0/46 HPs)
             Began as a Demigod Delver on Nov 14, 2023.
             Succumbed to a scorpion's poison
             ... on level 4 of the Dungeon.
             The game lasted 00:04:30 (1160 turns).

croobank the Sneak (Demigod Delver)                 Turns: 1160, Time: 00:04:30

Health: 0/46       AC:  3    Str: 13    XL:     5   Next: 84%
Magic:  7/7        EV: 13    Int: 12    God:
Gold:   30         SH:  0    Dex: 19    Spells: 4/4 levels left

rFire   . . .        a - +0 short sword
rCold   . . .        (no shield)
rNeg    . . .        b - +0 leather armour
rPois   .            (no helmet)
rElec   .            (no cloak)
rCorr   .            (no gloves)
SInv    .            (no boots)
Will    .....        (no amulet)
Stlth   +++          (no ring)
HPRegen 0.27/turn    (no ring)
MPRegen 0.10/turn

%: no passive effects
@: lethally poisoned (0 -> -6)
A: high MP 1, forlorn, divine attributes
a: no special abilities


You were on level 4 of the Dungeon.
You visited 2 branches of the dungeon, and saw 4 of its levels.

You collected 30 gold pieces.

Inventory:

Hand Weapons
 a - a +0 short sword (weapon)
Missiles
 e - 3 poisoned darts (quivered)
 f - 3 boomerangs
 h - 2 atropa-tipped darts
Armour
 b - a +0 leather armour (worn)
Wands
 g - a wand of digging (3)
 i - a wand of mindburst (14)
Scrolls
 d - a scroll of poison {unknown}


   Skills:
 + Level 3.9 Fighting
 + Level 3.2 Short Blades
 + Level 3.2 Dodging
 + Level 5.5 Stealth


You had 4 spell levels left.
You didn't know any spells.
Your spell library was empty.

Dungeon Overview and Level Annotations

Branches:
Dungeon (6/15)             Temple (1/1) D:5

Annotations:
D:4 Dowan, Duvessa, Pargi


Innate Abilities, Weirdness & Mutations

You have an increased reservoir of magic. (+10% MP)
You shall have no god before yourself.
Your divine heritage dramatically boosts your attributes as you level up.


Message History

You hit the scorpion.
The scorpion is heavily wounded.
You feel sick. The scorpion closely misses you.
You hit the scorpion but do no damage.
The scorpion is heavily wounded.
You feel sick. The scorpion stings you.
You hit the scorpion.
The scorpion is heavily wounded.
You feel sick.
You are no longer poisoned.
The scorpion barely misses you.
You hit the scorpion.
The scorpion is severely wounded.
The scorpion stings you.
You are poisoned.
The scorpion poisons you!
You hit the scorpion.
The scorpion is severely wounded.
* * * LOW HITPOINT WARNING * * *
You feel very sick. The scorpion stings you.
* * * LOW HITPOINT WARNING * * *
You closely miss the scorpion.
The scorpion is severely wounded.
* * * LOW HITPOINT WARNING * * *
You feel very sick. The scorpion closely misses you.
You closely miss the scorpion.
The scorpion is severely wounded.
* * * LOW HITPOINT WARNING * * *
You feel sick. The scorpion stings you.
* * * LOW HITPOINT WARNING * * *
You hit the scorpion.
The scorpion is almost dead.
* * * LOW HITPOINT WARNING * * *
You feel sick. The scorpion closely misses you.
You aren't carrying any potions.
You enter a dispersal trap!
The scorpion blinks!
The hound zombie blinks!
The scorpion blinks!
You blink.
Found 2 stones.
You die...

. ...# ..# ##..##
...Z#....##
..........#
o.<......######
..##Z..##.§#§#
#........§§§#§§
#........§§§§§§.§...
#......#.§.§@§..s<..
#.....##.##§.§§#..P.
#......#......§....
.
##...........##$...
.............#
.....8
.............. .T...
#... ......... .....
....... ..(.


You could see Pargi (asleep) and a scorpion.

Vanquished Creatures
  A phantom (D:5)
  A scorpion (D:5)
  A bullfrog zombie (D:4)
  A hound (D:5)
  An iguana (D:5)
  2 hound zombies (D:4)
  3 adders
  A dart slug (D:5)
  5 orcs (D:5)
  An endoplasm (D:4)
  A hobgoblin (D:5)
18 creatures vanquished.

Notes
Turn   | Place    | Note
-------+----------+-------------------------------------------
     0 | D:5      | croobank the Demigod Delver began the quest for the Orb.
     0 | D:5      | Reached XP level 1. HP: 18/18 MP: 3/3
     1 | D:6      | Noticed a scorpion
    43 | D:5      | Reached XP level 2. HP: 25/25 MP: 4/4
    46 | D:5      | Noticed a phantom
    76 | D:5      | Killed a phantom
    77 | D:5      | Reached skill level 5 in Stealth
    77 | D:5      | Reached XP level 3. HP: 7/31 MP: 5/5
    77 | D:5      | Reached XP level 4. HP: 8/38 MP: 6/6
   347 | D:4      | Noticed Duvessa
   349 | D:4      | Noticed Dowan
   381 | D:5      | Reached XP level 5. HP: 30/45 MP: 7/7
   662 | D:5      | Found a staircase to the Ecumenical Temple.
   678 | Temple   | Entered the Ecumenical Temple
  1139 | D:4      | Noticed Pargi
  1158 | D:4      | HP: 2/46 [scorpion (4)]
  1160 | D:4      | Succumbed to a scorpion's poison

Illustrated notes

Levels and vault maps discovered:
D:4:      layout_cave_pools, mainiacjoe_overflow_cross_hatched, bloody_makhleb,
          serial_undead, serial_undead_a, serial_undead_b, serial_undead_d,
          serial_undead_e, serial_undead_e, serial_undead_d, uniq_grinder,
          uniq_duvessa, uniq_pargi, uniq_ijyb
D:5:      minmay_angry_zag, layout_basic, mainiacjoe_overflow_small_starburst,
          pdpol_wu_jian_five_deadly_venoms, minmay_temple_entry_arrows
D:6:      layout_basic, minitemple
Temple:   hellmonk_temple_flake

Skill      XL: |  1  2  3  4  5 |
---------------+----------------+-----
Short Blades   | 2 3 |  3.2
Dodging        | 2 3 |  3.2
Fighting       | 3 |  3.9
Stealth        | 5 |  5.5

Action                     |  1- 3 |  4- 6 || total
---------------------------+-------+-------++-------
  Melee: Short sword       |    27 |   111 ||   138
         Punch             |       |     1 ||     1
  Throw: Dart              |       |    12 ||    12
    Use: Potion            |     1 |     2 ||     3
         Scroll            |     1 |     2 ||     3
   Stab: Sleeping          |     2 |       ||     2
 Armour: Leather armour    |    16 |    58 ||    74
  Dodge: Dodged            |    13 |    68 ||    81

Table legend: (Time is in decaauts)
 A = Elapsed time spent in this place.
 B = Non-inter-level travel time spent in this place.
 C = Inter-level travel time spent in this place.
 D = Time resting spent in this place.
 E = Time spent auto-exploring this place.
 F = Levels seen in this place.
 G = Mean time per level.
                   A        B        C        D        E       F      G
               +--------+--------+--------+--------+--------+-----+--------+
         Total |   1144 |   1144 |      0 |    650 |     87 |   4 |  286.0 |
       Dungeon |   1142 |   1142 |      0 |    650 |     87 |   3 |  380.7 |
        Temple |      1 |      1 |      0 |      0 |      0 |   1 |    1.0 |
               +--------+--------+--------+--------+--------+-----+--------+

Top non-repeatable levels by time:
     D:5: 812 daAuts
     D:4: 304 daAuts
     D:6: 25 daAuts
  Temple: 1 daAuts
